 Dungeon Crawl Stone Soup version 0.26-a0-455-g0958c023ba (webtiles) character file.

Game seed: 8856415482285125999

3347 gruber the Fighter (level 9, 0/85 HPs)
             Began as a Black Draconian Transmuter on July 28, 2020.
             Was a Follower of Sif Muna.
             Slain by an orc warrior
             ... wielding a cursed -3 short sword
              (18 damage)
             ... on level 9 of the Dungeon.
             The game lasted 00:11:34 (11796 turns).

gruber the Fighter (Black Draconian Transmuter)    Turns: 11796, Time: 00:11:35

Health: 0/85       AC:  6    Str: 12    XL:     9   Next: 72%
Magic:  8/12       EV: 19    Int: 17    God:    Sif Muna [*.....]
Gold:   416        SH:  0    Dex: 17    Spells: 2/12 levels left

rFire    . . .     SeeInvis .     - Unarmed
rCold    . . .     Faith    .   (shield currently unavailable)
rNeg     . . .     Spirit   .   (armour unavailable)
rPois    x         Reflect  .   (helmet currently unavailable)
rElec    .         Harm     .   (cloak currently unavailable)
rCorr    .                      (gloves currently unavailable)
MR       .....                  (boots currently unavailable)
Stlth    ++........             (no amulet)
HPRegen  0.24/turn              s - +4 ring of protection
MPRegen  0.13/turn              r - ring of wizardry

@: lethally poisoned (0 -> -3), spider-form
A: tiny, (breathe lightning), unfitting armour, AC +7
a: End Transformation, Channel Magic, Renounce Religion


You were on level 9 of the Dungeon.
You worshipped Sif Muna.
Sif Muna was aware of your devotion.
You were a venomous arachnid creature.
You visited 2 branches of the dungeon, and saw 10 of its levels.

You collected 416 gold pieces.

Inventory:

Missiles
 C - 3 javelins (quivered)
Armour
 d - a cursed +0 pair of boots
 x - a +0 pair of gloves (melded)
Jewellery
 r - a ring of wizardry (right front leg)
 s - a +4 ring of protection (left front leg)
 B - an uncursed ring of wizardry
Wands
 t - a wand of flame (6)
 u - a wand of digging (3)
 E - a wand of polymorph (10)
Scrolls
 a - 9 scrolls of remove curse
 f - a scroll of teleportation {unknown}
 j - 7 scrolls of identify {unknown}
 m - 2 scrolls of enchant weapon {unknown}
 q - 4 scrolls of blinking {unknown}
 y - 2 scrolls of amnesia {unknown}
 A - a scroll of noise {unknown}
 D - a scroll of fear {unknown}
Potions
 b - 4 potions of stabbing
 c - 2 potions of curing
 e - a potion of resistance {unknown}
 g - a potion of might {unknown}
 h - a potion of magic {unknown}
 i - 2 potions of berserk rage {unknown}
 k - a potion of cancellation {unknown}
 l - 2 potions of haste
 n - 3 potions of flight {unknown}
 o - 2 potions of lignification {unknown}
 p - a potion of ambrosia {unknown}
 v - a potion of mutation {unknown}
 w - a potion of degeneration {unknown}
 z - a potion of brilliance {unknown}


   Skills:
 - Level 10.0 Fighting
 - Level 1.7 Dodging
 - Level 9.0 Unarmed Combat
 - Level 2.0 Spellcasting
 - Level 6.1 Transmutations
 + Level 1.0 Ice Magic


You had 2 spell levels left.
You knew the following spells:

 Your Spells              Type           Power        Failure   Level
a - Beastly Appendage     Tmut           ###...       2%          1
b - Wereblood             Tmut           ###.....     3%          2
c - Spider Form           Tmut/Pois      ##........   16%         3
d - Ice Form              Ice/Tmut       ##......     32%         4

Your spell library contained the following spells:

 Spells                   Type           Power        Failure   Level
 Blade Hands              Tmut           ###.......   32%         5


Dungeon Overview and Level Annotations

Branches:
Dungeon (9/15)             Temple (1/1) D:6
   Lair: D:8-11         Orc: D:9-12

Altars:
Ashenzari
Cheibriados
Dithmenos
Elyvilon
Fedhas
Gozag
Hepliaklqana
Kikubaaqudgha
Makhleb
Nemelex Xobeh
Okawaru
Qazlal
Ru
Sif Muna
Trog
Uskayaw
Vehumet
Wu Jian
Xom
Yredelemnul
Zin
The Shining One

Shops:
D:4 :   D:7 }

Annotations:
D:3 1 runed translucent door, Ferkelamun's ghost, amateur SpEn


Innate Abilities, Weirdness & Mutations

((You can breathe wild blasts of lightning.))
((Your glossy black scales are hard. (AC +7)))
You cannot fit into any form of body armour.
((You are resistant to electric shocks. (rElec)))
((You are cold-blooded and may be slowed by cold attacks.))


Message History

Confirm with . or Enter, or press ? or * to list all spells.
You turn into a venomous arachnid creature.
Your +0 pair of gloves melds into your body.
You feel sick. The orc warrior completely misses you. The orc hits you.
The orc warrior hits you with a cursed -3 short sword!
* * * LOW HITPOINT WARNING * * *
Unknown command.
Unknown command.
Unknown command.
You hit the orc warrior but do no damage.
The orc warrior looks as sick as possible!
The orc warrior is heavily wounded.
You feel sick. The orc warrior barely misses you. The orc closely misses you.
Unknown command.
Unknown command.
You hit the orc warrior but do no damage.
The orc warrior looks as sick as possible!
The orc warrior is severely wounded.
The orc warrior hits you with a cursed -3 short sword!!
You die...

#......... #########..##.##
#..#.#..#..##.##
#..............+
#..............#
#..........##..# ####.
########.#####+##..##......
###.#..###.###...##...†......
................s[....#......
.....#.........oo#....# .....
#...###.########.###### ....
#...###.## #'# .## .........#
.. #.. # .........# ... #..
####'##..#.... ###
......####.... ..............


You could see an orc warrior (fast, extremely poisoned) and an orc.

Vanquished Creatures
  Erica (D:8)
  Grinder (D:4)
  2 black bears
  An ice beast (D:9)
  An ogre (D:5)
  4 orc warriors
  A phantom (D:6)
  A crocodile (D:9)
  5 bullfrogs
  A water moccasin zombie (D:6)
  A scorpion (D:9)
  3 electric eels (D:6)
  2 bullfrog zombies
  2 centaur zombies
  4 orc priests
  4 hounds
  2 jellies
  An iguana (D:2)
  4 orc wizards
  A bullfrog skeleton (D:7)
  Terence (D:3)
  Natasha (thrice) (D:4)
  9 worker ants
  A howler monkey zombie (D:8)
  3 gnolls (D:4)
  4 adders
  2 shadow imps
  A white imp (D:5)
  4 oozes
  An adder zombie (D:6)
  6 worms
  5 dart slugs
  5 leopard geckos
  28 orcs
  2 ball pythons (D:1)
  6 bats
  3 giant cockroaches
  11 goblins
  14 hobgoblins
  12 jackals
  10 kobolds
  3 quokkas
  7 frilled lizards
  17 rats
200 creatures vanquished.

Notes
Turn   | Place    | Note
-------+----------+-------------------------------------------
     0 | D:1      | gruber the Draconian Transmuter began the quest for the
                  | Orb.
     0 | D:1      | Reached XP level 1. HP: 16/16 MP: 3/3
   517 | D:1      | Reached XP level 2. HP: 21/23 MP: 5/5
   524 | D:1      | Learned a level 2 spell: Wereblood
   954 | D:1      | Reached XP level 3. HP: 25/28 MP: 6/6
   959 | D:1      | Learned a level 3 spell: Spider Form
  1994 | D:2      | Reached XP level 4. HP: 35/35 MP: 7/7
  2538 | D:2      | Reached skill level 5 in Unarmed Combat
  3115 | D:2      | Reached XP level 5. HP: 40/40 MP: 4/8
  3338 | D:3      | Noticed Terence
  3380 | D:3      | Killed Terence
  4159 | D:3      | Found a runed translucent door.
  4550 | D:3      | Noticed Ferkelamun's ghost (amateur SpEn)
  4588 | D:4      | Noticed Grinder
  4592 | D:4      | Noticed Natasha
  4813 | D:4      | Reached XP level 6. HP: 13/47 MP: 6/9
  5165 | D:4      | Killed Natasha
  5278 | D:4      | Killed Grinder
  5376 | D:4      | Found a bloodstained altar of Trog.
  5377 | D:4      | Found an ornate altar of the Wu Jian Council.
  5378 | D:4      | Found Ecoen's Book Boutique.
  5459 | D:4      | Your scales start taking on a glossy black colour.
  5459 | D:4      | Reached XP level 7. HP: 48/53 MP: 6/10
  5459 | D:4      | Gained mutation: You are resistant to electric shocks.
                  | (rElec) [Black Draconian growth]
  5469 | D:4      | Reached skill level 2 in Fighting
  5477 | D:4      | Noticed Natasha
  5488 | D:4      | Killed Natasha
  5822 | D:4      | Noticed Natasha
  5831 | D:4      | Killed Natasha
  5848 | D:4      | Reached skill level 3 in Fighting
  6065 | D:5      | Entered Level 5 of the Dungeon
  6268 | D:5      | Found an ancient bone altar of Kikubaaqudgha.
  6425 | D:5      | Reached skill level 4 in Fighting
  6656 | D:5      | Reached skill level 5 in Fighting
  7212 | D:5      | Found a glowing golden altar of the Shining One.
  7319 | D:6      | Found a staircase to the Ecumenical Temple.
  7334 | Temple   | Entered the Ecumenical Temple
  7561 | Temple   | Became a worshipper of Sif Muna the Loreminder
  7701 | D:6      | Reached XP level 8. HP: 25/68 MP: 8/11
  7921 | D:6      | Found a hazy altar of Hepliaklqana.
  7922 | D:6      | Found a shadowy altar of Dithmenos.
  7980 | D:6      | Found a sacrificial altar of Ru.
  9570 | D:7      | Found Lysaenewn's Gadget Boutique.
  9829 | D:8      | Reached * piety under Sif Muna
  9837 | D:8      | Reached skill level 6 in Fighting
  9860 | D:8      | Reached XP level 9. HP: 60/78 MP: 8/12
  9949 | D:8      | Noticed Erica
  9963 | D:8      | Killed Erica
  9963 | D:8      | Reached skill level 8 in Fighting
 10301 | D:8      | Learned a level 4 spell: Ice Form
 10587 | D:8      | Reached skill level 9 in Fighting
 11590 | D:9      | Reached skill level 10 in Fighting
 11778 | D:9      | Reached skill level 1 in Ice Magic
 11796 | D:9      | Slain by an orc warrior

Illustrated notes

Levels and vault maps discovered:
D:1:      sevenhm_arrival_forest_fort_small_5, layout_loops_corners,
          grunt_decor_cap
D:2:      minmay_recursive_quarters, layout_basic
D:3:      layout_basic, ebering_ghost_inner_flame, minmay_goblin_outpost,
          uniq_terence
D:4:      layout_rooms, chequers_temple_overflow_statue_of_worship,
          serial_shops, nicolae_shop_trees, uniq_natasha, uniq_grinder
D:5:      layout_basic, tso_oasis_becter, kennysheep_mini_moat
D:6:      layout_basic, riverfiend_overflow_shadow_ancestor,
          nicolae_overflow_crystal_walls, minmay_temple_entry_statues_fountains,
          serial_bayou_lake_a
D:7:      layout_rooms, serial_shops, shop
D:8:      layout_loops_ring, nicolae_ossuary_entry_plus, grunt_ministairs_1,
          uniq_erica
D:9:      layout_gridville
Temple:   regret_index_temple_generic_petals

Skill      XL: |  1  2  3  4  5  6  7  8  9 |
---------------+----------------------------+-----
Unarmed Combat | 4 5 6 9 |  9.0
Transmutations | 3 4 6 |  6.1
Fighting       | 5 6 10 | 10.0
Ice Magic      | 1 |  1.0
Dodging        | |  1.7
Spellcasting   | |  2.0

Action                   |  1- 3 |  4- 6 |  7- 9 || total
-------------------------+-------+-------+-------++-------
Melee: Unarmed           |   166 |   228 |   318 ||   712
       Kick              |     6 |     4 |     2 ||    12
       Tailslap          |    13 |    17 |     7 ||    37
       Punch             |     2 |     4 |     4 ||    10
       Headbutt          |     1 |     4 |       ||     5
 Cast: Beastly Appendage |     5 |     4 |     1 ||    10
       Spider Form       |       |    13 |    40 ||    53
 Abil: Breathe Lightning |       |       |     1 ||     1
  Use: Potion            |       |     2 |       ||     2
       Scroll            |       |       |     1 ||     1
 Stab: Sleeping          |       |     2 |       ||     2
Armor: Skin              |    45 |    54 |    24 ||   123
Dodge: Dodged            |    95 |   138 |   228 ||   461

Table legend: (Time is in decaauts)
 A = Elapsed time spent in this place.
 B = Non-inter-level travel time spent in this place.
 C = Inter-level travel time spent in this place.
 D = Time resting spent in this place.
 E = Time spent auto-exploring this place.
 F = Levels seen in this place.
 G = Mean time per level.
                   A        B        C        D        E       F      G
               +--------+--------+--------+--------+--------+-----+--------+
         Total |  11759 |  11468 |    291 |   1526 |   8286 |  10 | 1175.9 |
       Dungeon |  11503 |  11240 |    263 |   1526 |   8063 |   9 | 1278.1 |
        Temple |    255 |    227 |     28 |      0 |    223 |   1 |  255.0 |
               +--------+--------+--------+--------+--------+-----+--------+

Top non-repeatable levels by time:
     D:3: 1967 daAuts
     D:1: 1828 daAuts
     D:6: 1756 daAuts
     D:2: 1331 daAuts
     D:5: 1217 daAuts
     D:8: 989 daAuts
     D:4: 908 daAuts
     D:7: 798 daAuts
     D:9: 706 daAuts
  Temple: 255 daAuts
